General information
- name: BNet
- type: Ladder team game (AT/RT)
- host: Battle.net
- saver: HumanKingTomVIP
map: FullScaleAssault
- players: 8
- length: 60:35
- speed: Fast
- version: 1.26 W3XP
- replay type: Public
» download(420 KB)
Players
team 1 (loser)

»
Roastbeefcooter (
yellow | 64 APM | 3859 actions | 60:34)
10 Warden
3 Shadow Strike
3 Blink
1 Spirit of Vengeance
3 Fan of Knives
» actions
| Assign group hotkey | 56 | |
| Basic commands | 93 | |
| Build / train | 113 | |
| Enter build submenu | 17 | |
| Enter hero's abilities submenu | 11 | |
| Give item / drop item | 1 | |
| Remove unit from queue | 9 | |
| Right click | 1977 | |
| Select / deselect | 465 | |
| Select group hotkey | 1009 | |
| Use ability | 105 | |
3859 total
» units
| Wisp | 20 | |
| Archer | 21 | |
| Blue Drake | 2 | |
| Blue Dragon Whelp | 3 | |
| Blue Dragon | 2 | |
| Hippogryph | 14 | |
| Druid of the Talon | 8 | |
| Frost Wyrm | 1 | |
71 total
» upgrades
| Strength of the Moon | 3 | |
| Moon Armor | 3 | |
| Improved Bows | 1 | |
| Marksmanship | 1 | |
| Hippogryph Taming | 1 | |
| Druid of the Talon Training | 2 | |
| Nature's Blessing | 1 | |
| Mark of the Talon | 1 | |
| Strength of the Wild | 1 | |
| Reinforced Hides | 1 | |
15 total
» buildings
| Altar of Elders | 1 | |
| Moon Well | 10 | |
| Ancient of War | 2 | |
| Tree of Ages | 1 | |
| Hunter's Hall | 1 | |
| Tree of Eternity | 1 | |
| Ancient of Wind | 2 | |
| Tree of Life | 1 | |
19 total
» build order
00:18 Altar of Elders
00:36 Moon Well
01:02 Moon Well
01:57 Ancient of War
02:03 Ancient of War
02:19 Moon Well
03:00 Moon Well
04:10 Tree of Ages
04:57 Hunter's Hall
06:34 Tree of Eternity
14:21 Ancient of Wind
14:22 Ancient of Wind
14:25 Moon Well
14:26 Moon Well
14:27 Moon Well
14:29 Moon Well
14:29 Moon Well
33:52 Moon Well
43:07 Tree of Life
» items
| Circlet of Nobility | 1 | |
| Staff of Teleportation | 1 | |
| Scroll of Town Portal | 1 | |
3 total

»
RandoMaster (
red | 40 APM | 2405 actions | 60:30)
6 Mountain King
3 Storm Bolt
2 Bash
1 Avatar
6 Paladin
1 Divine Shield
2 Devotion Aura
1 Holy Light
2 Resurrection
» actions
| Assign group hotkey | 30 | |
| Build / train | 150 | |
| Enter build submenu | 27 | |
| Enter hero's abilities submenu | 12 | |
| Remove unit from queue | 3 | |
| Right click | 1427 | |
| Select / deselect | 605 | |
| Select group hotkey | 67 | |
| Use ability | 84 | |
2405 total
» units
| Peasant | 67 | |
| Rifleman | 9 | |
| Mortar Team | 4 | |
| Priest | 7 | |
| Siege Engine | 15 | |
| Gryphon Rider | 7 | |
109 total
» upgrades
| Gunpowder | 3 | |
| Armor | 2 | |
| Long Rifles | 1 | |
| Fragmentation Shards | 1 | |
| Flare | 1 | |
| Priest Training | 2 | |
| Lumber Harvesting | 1 | |
| Barrage | 1 | |
| Plating | 3 | |
| Swords | 2 | |
| Animal War Training | 1 | |
| Storm Hammers | 1 | |
19 total
» buildings
| Altar of Kings | 1 | |
| Farm | 11 | |
| Blacksmith | 1 | |
| Barracks | 1 | |
| Lumber Mill | 1 | |
| Arcane Vault | 1 | |
| Keep | 1 | |
| Castle | 1 | |
| Workshop | 3 | |
| Arcane Sanctum | 1 | |
| Town Hall | 2 | |
| Gryphon Aviary | 3 | |
27 total
» build order
00:09 Altar of Kings
00:13 Farm
00:54 Farm
01:34 Farm
01:40 Blacksmith
01:47 Barracks
02:11 Farm
02:27 Lumber Mill
02:42 Arcane Vault
03:35 Keep
05:32 Farm
05:34 Farm
06:29 Castle
06:33 Workshop
09:20 Arcane Sanctum
10:50 Farm
10:50 Farm
10:51 Farm
14:54 Town Hall
16:59 Farm
17:38 Workshop
19:13 Farm
24:48 Town Hall
31:42 Workshop
39:00 Gryphon Aviary
39:02 Gryphon Aviary
39:04 Gryphon Aviary
» items
| Scroll of Town Portal | 1 | |
| Orb of Fire | 1 | |
2 total

»
constructive (
green | 105 APM | 6362 actions | 60:25)
9 Pandaren Brewmaster
3 Breath of Fire
3 Drunken Haze
1 Storm Earth and Fire
2 Drunken Brawler
5 Dark Ranger
2 Charm
1 Silence
2 Black Arrow
1 Lich
1 Dark Ritual
» actions
| Assign group hotkey | 80 | |
| Basic commands | 40 | |
| Build / train | 236 | |
| ESC pressed | 8 | |
| Enter build submenu | 83 | |
| Enter hero's abilities submenu | 14 | |
| Give item / drop item | 13 | |
| Right click | 2390 | |
| Select / deselect | 1197 | |
| Select group hotkey | 1936 | |
| Use ability | 364 | |
6362 total
» units
| Peasant | 38 | |
| Footman | 4 | |
| Goblin Shredder | 2 | |
| Dragonhawk Rider | 29 | |
| Goblin Zeppelin | 2 | |
| Gryphon Rider | 9 | |
| Priest | 6 | |
| Knight | 1 | |
| Flying Machine | 11 | |
| Siege Engine | 1 | |
| Blue Dragon | 1 | |
| Frost Wyrm | 3 | |
| Acolyte | 7 | |
| Crypt Fiend | 1 | |
| Gargoyle | 5 | |
120 total
» upgrades
| Defend | 1 | |
| Masonry | 3 | |
| Lumber Harvesting | 2 | |
| Swords | 3 | |
| Animal War Training | 1 | |
| Armor | 3 | |
| Cloud | 1 | |
| Storm Hammers | 2 | |
| Priest Training | 2 | |
| Magic Sentry | 2 | |
| Plating | 2 | |
| Barrage | 1 | |
| Flak Cannons | 1 | |
| Gunpowder | 3 | |
27 total
» buildings
| Barracks | 2 | |
| Farm | 21 | |
| Altar of Kings | 2 | |
| Arcane Vault | 6 | |
| Town Hall | 4 | |
| Lumber Mill | 7 | |
| Keep | 2 | |
| Scout Tower | 51 | |
| Blacksmith | 1 | |
| Arcane Tower | 16 | |
| Castle | 2 | |
| Guard Tower | 19 | |
| Gryphon Aviary | 3 | |
| Arcane Sanctum | 2 | |
| Workshop | 8 | |
| Necropolis | 1 | |
147 total
» build order
00:26 Barracks
00:29 Barracks
00:32 Farm
00:49 Altar of Kings
00:54 Farm
02:34 Farm
02:55 Arcane Vault
04:18 Town Hall
04:20 Lumber Mill
04:30 Lumber Mill
05:37 Keep
07:18 Scout Tower
07:20 Scout Tower
07:44 Scout Tower
07:47 Blacksmith
07:49 Arcane Tower
07:57 Scout Tower
07:58 Scout Tower
07:59 Scout Tower
07:59 Scout Tower
07:59 Scout Tower
07:59 Scout Tower
08:00 Scout Tower
08:08 Castle
08:14 Arcane Tower
08:16 Arcane Tower
09:03 Guard Tower
09:29 Arcane Tower
09:33 Lumber Mill
09:35 Lumber Mill
09:36 Lumber Mill
09:43 Gryphon Aviary
10:05 Guard Tower
10:18 Lumber Mill
10:19 Lumber Mill
10:30 Gryphon Aviary
10:40 Arcane Vault
10:42 Scout Tower
10:43 Scout Tower
10:45 Scout Tower
10:45 Scout Tower
10:46 Scout Tower
11:55 Guard Tower
12:15 Guard Tower
12:21 Arcane Tower
12:24 Arcane Sanctum
12:25 Arcane Sanctum
12:46 Guard Tower
12:51 Scout Tower
13:02 Farm
13:03 Farm
13:04 Farm
13:33 Arcane Tower
15:37 Workshop
15:51 Town Hall
16:18 Workshop
17:08 Farm
17:08 Farm
17:09 Farm
17:09 Farm
17:19 Workshop
17:20 Workshop
17:52 Workshop
19:27 Workshop
19:28 Workshop
20:26 Farm
20:27 Farm
20:27 Farm
20:27 Farm
20:27 Farm
20:44 Farm
20:45 Farm
21:16 Farm
21:16 Farm
21:29 Farm
21:30 Farm
23:14 Scout Tower
23:15 Scout Tower
23:15 Scout Tower
23:15 Scout Tower
23:16 Scout Tower
24:18 Guard Tower
25:25 Arcane Tower
26:26 Guard Tower
26:41 Arcane Vault
29:23 Arcane Vault
30:44 Scout Tower
30:44 Scout Tower
31:13 Guard Tower
31:33 Guard Tower
34:13 Town Hall
34:21 Scout Tower
34:23 Scout Tower
34:34 Scout Tower
34:37 Scout Tower
34:51 Arcane Tower
35:06 Arcane Tower
35:16 Scout Tower
35:18 Scout Tower
35:28 Arcane Tower
35:45 Guard Tower
35:46 Guard Tower
37:43 Scout Tower
37:44 Scout Tower
37:44 Scout Tower
39:11 Arcane Tower
39:24 Scout Tower
39:24 Scout Tower
39:26 Scout Tower
39:26 Scout Tower
39:27 Scout Tower
39:27 Scout Tower
40:47 Keep
40:48 Gryphon Aviary
40:49 Workshop
41:01 Arcane Tower
41:27 Arcane Vault
42:48 Arcane Tower
43:11 Scout Tower
43:12 Scout Tower
43:12 Scout Tower
43:21 Necropolis
43:39 Arcane Tower
43:41 Scout Tower
43:42 Scout Tower
43:43 Scout Tower
44:08 Guard Tower
44:09 Guard Tower
44:15 Guard Tower
44:18 Scout Tower
44:18 Scout Tower
44:43 Guard Tower
44:44 Guard Tower
45:09 Guard Tower
45:27 Guard Tower
46:15 Scout Tower
46:16 Scout Tower
46:16 Scout Tower
46:16 Scout Tower
46:23 Castle
47:10 Arcane Tower
47:46 Guard Tower
53:53 Arcane Vault
56:10 Town Hall
59:55 Altar of Kings
» items
| Boots of Speed | 2 | |
| Lesser Clarity Potion | 8 | |
| Scroll of Regeneration | 6 | |
| Orb of Corruption | 1 | |
| Potion of Mana | 7 | |
| Scroll of Town Portal | 2 | |
| Tome of Retraining | 1 | |
| Periapt of Vitality | 1 | |
| Potion of Healing | 1 | |
29 total

»
blntsmkr (
pink | 33 APM | 1280 actions | 38:14)
5 Dark Ranger
3 Black Arrow
2 Life Drain
3 Lich
1 Dark Ritual
2 Frost Armor
» actions
| Assign group hotkey | 80 | |
| Build / train | 80 | |
| ESC pressed | 9 | |
| Enter build submenu | 28 | |
| Enter hero's abilities submenu | 7 | |
| Give item / drop item | 8 | |
| Remove unit from queue | 3 | |
| Right click | 307 | |
| Select / deselect | 199 | |
| Select group hotkey | 500 | |
| Use ability | 59 | |
1280 total
» units
| Acolyte | 24 | |
| Ghoul | 5 | |
| Crypt Fiend | 7 | |
| Frost Wyrm | 8 | |
| Blue Dragon Whelp | 1 | |
| Blue Drake | 1 | |
| Gargoyle | 1 | |
47 total
» upgrades
| Creature Carapace | 3 | |
| Web | 1 | |
| Burrow | 1 | |
| Creature Attack | 3 | |
| Freezing Breath | 1 | |
9 total
» buildings
| Altar of Darkness | 1 | |
| Ziggurat | 10 | |
| Graveyard | 1 | |
| Nerubian Tower | 3 | |
| Crypt | 2 | |
| Tomb of Relics | 1 | |
| Halls of the Dead | 4 | |
| Black Citadel | 1 | |
| Sacrificial Pit | 1 | |
| Boneyard | 3 | |
27 total
» build order
00:10 Altar of Darkness
00:13 Ziggurat
00:49 Graveyard
01:06 Nerubian Tower
01:19 Crypt
01:49 Ziggurat
01:53 Crypt
02:20 Tomb of Relics
04:30 Ziggurat
04:33 Halls of the Dead
04:33 Halls of the Dead
04:33 Halls of the Dead
07:28 Ziggurat
07:29 Ziggurat
09:13 Black Citadel
11:22 Ziggurat
12:19 Sacrificial Pit
13:11 Boneyard
14:40 Boneyard
14:45 Boneyard
15:47 Ziggurat
15:48 Ziggurat
18:16 Ziggurat
18:17 Ziggurat
19:07 Nerubian Tower
19:08 Nerubian Tower
» items
| Scroll of Town Portal | 2 | |
| Circlet of Nobility | 1 | |
3 total
team 2 (winner)

»
OmgWtfStfu (
blue | 85 APM | 3747 actions | 44:04)
7 Mountain King
3 Storm Bolt
3 Bash
1 Avatar
6 Paladin
3 Holy Light
1 Divine Shield
1 Devotion Aura
1 Resurrection
» actions
| Assign group hotkey | 42 | |
| Basic commands | 346 | |
| Build / train | 113 | |
| ESC pressed | 6 | |
| Enter build submenu | 31 | |
| Enter hero's abilities submenu | 13 | |
| Give item / drop item | 4 | |
| Right click | 1090 | |
| Select / deselect | 514 | |
| Select group hotkey | 1447 | |
| Use ability | 141 | |
3747 total
» units
| Peasant | 17 | |
| Rifleman | 20 | |
| Gryphon Rider | 5 | |
42 total
» upgrades
| Long Rifles | 1 | |
| Lumber Harvesting | 2 | |
| Storm Hammers | 1 | |
| Swords | 3 | |
| Masonry | 1 | |
| Armor | 3 | |
| Animal War Training | 1 | |
| Gunpowder | 2 | |
| Plating | 2 | |
16 total
» buildings
| Blacksmith | 2 | |
| Barracks | 3 | |
| Altar of Kings | 1 | |
| Farm | 9 | |
| Town Hall | 1 | |
| Keep | 2 | |
| Arcane Vault | 3 | |
| Castle | 3 | |
| Lumber Mill | 1 | |
| Gryphon Aviary | 5 | |
30 total
» build order
00:56 Blacksmith
01:06 Barracks
01:09 Altar of Kings
01:11 Farm
01:15 Farm
02:08 Farm
02:48 Farm
04:35 Town Hall
05:01 Keep
05:01 Keep
05:13 Farm
05:28 Arcane Vault
08:54 Castle
08:54 Castle
09:16 Arcane Vault
09:20 Arcane Vault
09:34 Lumber Mill
10:36 Gryphon Aviary
10:37 Gryphon Aviary
10:40 Gryphon Aviary
11:23 Gryphon Aviary
11:23 Gryphon Aviary
12:40 Farm
12:41 Farm
12:43 Farm
13:25 Farm
14:30 Blacksmith
16:32 Barracks
18:40 Barracks
» items
| Scroll of Regeneration | 7 | |
| Potion of Healing | 3 | |
| Lesser Clarity Potion | 5 | |
| Scroll of Town Portal | 5 | |
| Potion of Lesser Invulnerability | 1 | |
| Scroll of Protection | 1 | |
| Boots of Speed | 1 | |
| Periapt of Vitality | 1 | |
| Potion of Mana | 1 | |
| Orb of Fire | 1 | |
26 total
Galax.xy (
orange | 56 APM | 3401 actions | 60:34)
8 Dreadlord
3 Sleep
3 Vampiric Aura
1 Inferno
1 Carrion Swarm
6 Death Knight
2 Death Coil
2 Unholy Aura
1 Death Pact
1 Animate Dead
6 Lich
3 Frost Nova
2 Frost Armor
1 Death and Decay
» actions
| Assign group hotkey | 139 | |
| Basic commands | 136 | |
| Build / train | 105 | |
| ESC pressed | 7 | |
| Enter build submenu | 20 | |
| Enter hero's abilities submenu | 20 | |
| Give item / drop item | 8 | |
| Right click | 1241 | |
| Select / deselect | 641 | |
| Select group hotkey | 963 | |
| Use ability | 121 | |
3401 total
» units
| Acolyte | 2 | |
| Ghoul | 12 | |
| Abomination | 11 | |
| Gargoyle | 2 | |
| Crypt Fiend | 14 | |
| Goblin Zeppelin | 1 | |
42 total
» upgrades
| Cannibalize | 1 | |
| Unholy Armor | 4 | |
| Unholy Strength | 3 | |
| Disease Cloud | 1 | |
| Creature Attack | 3 | |
| Creature Carapace | 3 | |
| Web | 2 | |
17 total
» buildings
| Altar of Darkness | 1 | |
| Ziggurat | 9 | |
| Crypt | 3 | |
| Graveyard | 1 | |
| Tomb of Relics | 1 | |
| Halls of the Dead | 1 | |
| Black Citadel | 1 | |
| Slaughterhouse | 2 | |
| Necropolis | 1 | |
20 total
» build order
00:05 Altar of Darkness
00:07 Ziggurat
00:45 Crypt
01:00 Graveyard
01:16 Ziggurat
01:30 Tomb of Relics
02:34 Ziggurat
03:38 Halls of the Dead
06:31 Black Citadel
07:29 Slaughterhouse
07:43 Slaughterhouse
10:21 Ziggurat
10:45 Ziggurat
15:28 Ziggurat
17:06 Ziggurat
17:07 Ziggurat
18:05 Ziggurat
24:00 Crypt
24:06 Crypt
33:54 Necropolis
» items
| Scroll of Town Portal | 4 | |
| Rod of Necromancy | 1 | |
| Potion of Healing | 7 | |
| Scroll of Protection | 1 | |
| Scroll of Healing | 3 | |
| Orb of Corruption | 2 | |
| Potion of Mana | 3 | |
21 total
HumanKingTomVIP (
teal | 56 APM | 3387 actions | 60:35)
10 Pit Lord
3 Rain of Fire
3 Cleaving Attack
1 Doom
3 Howl of Terror
2 Paladin
1 Divine Shield
1 Devotion Aura
2 Mountain King
2 Thunder Clap
» actions
| Assign group hotkey | 59 | |
| Basic commands | 47 | |
| Build / train | 165 | |
| ESC pressed | 14 | |
| Enter build submenu | 107 | |
| Enter hero's abilities submenu | 15 | |
| Give item / drop item | 20 | |
| Right click | 1237 | |
| Select / deselect | 500 | |
| Select group hotkey | 747 | |
| Use ability | 476 | |
3387 total
» units
| Peasant | 31 | |
| Goblin Zeppelin | 5 | |
| Goblin Shredder | 2 | |
| Goblin Sapper | 8 | |
| Gryphon Rider | 2 | |
48 total
» upgrades
| Masonry | 3 | |
| Magic Sentry | 1 | |
| Storm Hammers | 1 | |
| Swords | 1 | |
| Armor | 1 | |
7 total
» buildings
| Altar of Kings | 1 | |
| Farm | 12 | |
| Lumber Mill | 1 | |
| Scout Tower | 219 | |
| Town Hall | 7 | |
| Arcane Tower | 6 | |
| Guard Tower | 69 | |
| Keep | 1 | |
| Castle | 1 | |
| Arcane Sanctum | 1 | |
| Arcane Vault | 2 | |
| Blacksmith | 2 | |
| Gryphon Aviary | 4 | |
326 total
» build order
00:23 Altar of Kings
00:36 Farm
01:20 Farm
01:33 Lumber Mill
01:37 Farm
02:42 Scout Tower
03:43 Town Hall
04:04 Town Hall
04:05 Scout Tower
04:17 Arcane Tower
04:19 Farm
04:31 Arcane Tower
04:34 Scout Tower
04:37 Scout Tower
04:57 Scout Tower
04:58 Scout Tower
05:01 Guard Tower
05:01 Guard Tower
05:04 Guard Tower
05:27 Scout Tower
05:29 Guard Tower
05:31 Guard Tower
05:31 Guard Tower
05:33 Scout Tower
05:34 Scout Tower
05:34 Scout Tower
06:00 Keep
06:02 Guard Tower
06:11 Scout Tower
06:11 Scout Tower
06:41 Scout Tower
06:53 Guard Tower
06:54 Scout Tower
06:54 Scout Tower
06:55 Scout Tower
06:55 Scout Tower
06:55 Scout Tower
06:56 Scout Tower
06:56 Scout Tower
06:56 Scout Tower
07:22 Guard Tower
07:22 Guard Tower
07:25 Guard Tower
07:25 Guard Tower
08:23 Castle
09:31 Guard Tower
09:33 Scout Tower
09:33 Scout Tower
09:33 Scout Tower
09:33 Scout Tower
09:51 Scout Tower
09:57 Arcane Sanctum
10:01 Scout Tower
10:01 Scout Tower
10:02 Scout Tower
10:07 Scout Tower
10:08 Scout Tower
10:08 Scout Tower
10:09 Scout Tower
10:41 Guard Tower
10:41 Guard Tower
10:43 Scout Tower
10:43 Scout Tower
10:44 Scout Tower
10:44 Scout Tower
11:01 Guard Tower
11:11 Guard Tower
11:14 Guard Tower
11:14 Guard Tower
11:15 Guard Tower
11:23 Arcane Tower
11:26 Scout Tower
11:26 Scout Tower
11:26 Scout Tower
11:27 Scout Tower
11:41 Guard Tower
11:42 Guard Tower
12:03 Guard Tower
12:05 Scout Tower
12:05 Scout Tower
12:05 Scout Tower
12:06 Scout Tower
12:18 Scout Tower
12:18 Scout Tower
12:19 Scout Tower
12:38 Guard Tower
12:42 Guard Tower
12:56 Guard Tower
12:56 Guard Tower
13:56 Scout Tower
13:56 Scout Tower
13:56 Scout Tower
13:57 Scout Tower
14:01 Town Hall
14:03 Town Hall
14:04 Scout Tower
14:04 Scout Tower
14:05 Scout Tower
14:05 Scout Tower
14:05 Scout Tower
14:05 Scout Tower
14:06 Scout Tower
14:06 Scout Tower
14:07 Scout Tower
14:07 Scout Tower
14:28 Guard Tower
14:28 Guard Tower
14:31 Scout Tower
14:31 Scout Tower
14:31 Scout Tower
14:32 Scout Tower
14:32 Scout Tower
14:32 Scout Tower
14:32 Scout Tower
14:33 Scout Tower
14:33 Scout Tower
14:33 Scout Tower
14:34 Scout Tower
14:34 Scout Tower
14:34 Scout Tower
14:34 Scout Tower
14:35 Scout Tower
14:36 Guard Tower
14:46 Scout Tower
14:47 Scout Tower
14:47 Scout Tower
14:47 Scout Tower
14:48 Scout Tower
14:48 Scout Tower
14:48 Scout Tower
14:49 Scout Tower
14:49 Scout Tower
14:49 Scout Tower
14:50 Scout Tower
14:50 Scout Tower
14:51 Scout Tower
14:51 Scout Tower
14:52 Scout Tower
14:52 Scout Tower
14:52 Scout Tower
14:54 Guard Tower
15:13 Guard Tower
16:06 Guard Tower
16:08 Guard Tower
16:08 Guard Tower
16:13 Guard Tower
16:32 Farm
16:36 Arcane Tower
16:51 Scout Tower
16:51 Scout Tower
16:51 Scout Tower
16:52 Scout Tower
16:54 Arcane Tower
17:04 Guard Tower
17:18 Arcane Vault
17:24 Arcane Vault
17:45 Scout Tower
17:47 Guard Tower
18:01 Guard Tower
18:37 Scout Tower
18:37 Scout Tower
18:37 Scout Tower
18:37 Scout Tower
18:38 Scout Tower
18:38 Scout Tower
18:38 Scout Tower
18:42 Guard Tower
18:44 Scout Tower
18:44 Scout Tower
18:44 Scout Tower
18:44 Scout Tower
18:45 Scout Tower
19:09 Scout Tower
19:09 Scout Tower
19:10 Scout Tower
19:10 Scout Tower
19:10 Scout Tower
19:11 Scout Tower
19:11 Scout Tower
19:12 Scout Tower
19:12 Scout Tower
19:12 Scout Tower
19:14 Scout Tower
19:14 Scout Tower
19:14 Scout Tower
20:06 Guard Tower
20:36 Guard Tower
20:39 Guard Tower
21:38 Guard Tower
22:09 Guard Tower
22:58 Guard Tower
23:22 Guard Tower
29:57 Guard Tower
29:59 Guard Tower
30:19 Scout Tower
30:20 Scout Tower
30:20 Scout Tower
30:20 Scout Tower
30:23 Scout Tower
30:23 Scout Tower
30:23 Scout Tower
30:24 Scout Tower
30:24 Scout Tower
30:24 Scout Tower
30:24 Scout Tower
30:25 Scout Tower
30:25 Scout Tower
30:25 Scout Tower
30:25 Scout Tower
30:26 Scout Tower
30:26 Scout Tower
30:43 Scout Tower
30:43 Scout Tower
30:44 Scout Tower
30:44 Scout Tower
30:44 Scout Tower
30:46 Scout Tower
30:46 Scout Tower
30:46 Scout Tower
30:47 Scout Tower
30:47 Scout Tower
30:47 Scout Tower
30:47 Scout Tower
30:48 Scout Tower
30:48 Scout Tower
30:48 Scout Tower
30:48 Scout Tower
30:49 Scout Tower
30:49 Scout Tower
30:49 Scout Tower
30:49 Scout Tower
30:50 Scout Tower
31:42 Guard Tower
32:30 Guard Tower
33:17 Guard Tower
34:01 Scout Tower
34:02 Scout Tower
34:02 Scout Tower
34:02 Scout Tower
34:19 Scout Tower
34:20 Scout Tower
34:20 Scout Tower
34:20 Scout Tower
34:21 Scout Tower
34:22 Scout Tower
34:23 Scout Tower
34:23 Scout Tower
34:23 Scout Tower
34:24 Scout Tower
34:25 Scout Tower
34:25 Scout Tower
34:25 Scout Tower
34:26 Scout Tower
34:26 Scout Tower
34:47 Scout Tower
34:48 Scout Tower
34:49 Scout Tower
34:50 Scout Tower
34:51 Scout Tower
34:53 Guard Tower
35:03 Guard Tower
35:23 Guard Tower
35:23 Guard Tower
35:27 Scout Tower
35:27 Scout Tower
35:28 Scout Tower
35:57 Guard Tower
35:57 Guard Tower
36:00 Guard Tower
36:25 Guard Tower
36:28 Scout Tower
36:41 Guard Tower
37:40 Scout Tower
37:41 Scout Tower
37:41 Scout Tower
37:41 Scout Tower
37:43 Scout Tower
37:43 Scout Tower
37:44 Scout Tower
37:44 Scout Tower
37:44 Scout Tower
37:45 Scout Tower
37:45 Scout Tower
37:51 Guard Tower
38:04 Guard Tower
38:15 Guard Tower
38:15 Guard Tower
43:31 Blacksmith
43:32 Gryphon Aviary
43:32 Gryphon Aviary
43:33 Gryphon Aviary
43:43 Gryphon Aviary
43:45 Blacksmith
45:22 Farm
45:22 Farm
45:22 Farm
45:23 Farm
45:23 Farm
45:24 Farm
45:24 Farm
56:32 Town Hall
58:58 Town Hall
59:08 Town Hall
» items
| Boots of Speed | 1 | |
| Staff of Teleportation | 1 | |
| Scroll of Town Portal | 2 | |
| Staff of Sanctuary | 1 | |
| Lesser Clarity Potion | 3 | |
| Scroll of Regeneration | 1 | |
| Ivory Tower | 5 | |
| Potion of Invisibility | 1 | |
| Orb of Corruption | 1 | |
| Scroll of Healing | 1 | |
17 total
Zuther (
purple | 22 APM | 1350 actions | 60:34)
9 Priestess of the Moon
3 Trueshot Aura
3 Searing Arrows
1 Starfall
2 Scout
» actions
| Basic commands | 4 | |
| Build / train | 97 | |
| Enter build submenu | 19 | |
| Enter hero's abilities submenu | 9 | |
| Right click | 619 | |
| Select / deselect | 568 | |
| Use ability | 34 | |
1350 total
» units
| Wisp | 20 | |
| Archer | 7 | |
| Chimaera | 32 | |
| Hippogryph | 16 | |
| Goblin Zeppelin | 2 | |
77 total
» upgrades
| Strength of the Wild | 3 | |
| Reinforced Hides | 3 | |
| Corrosive Breath | 1 | |
7 total
» buildings
| Altar of Elders | 1 | |
| Moon Well | 8 | |
| Ancient of War | 1 | |
| Tree of Ages | 1 | |
| Hunter's Hall | 1 | |
| Tree of Life | 2 | |
| Tree of Eternity | 1 | |
| Ancient of Wind | 3 | |
| Chimaera Roost | 3 | |
21 total
» build order
00:33 Altar of Elders
00:46 Moon Well
01:01 Ancient of War
02:37 Moon Well
03:08 Tree of Ages
03:44 Moon Well
04:46 Hunter's Hall
05:59 Moon Well
06:10 Tree of Life
07:35 Moon Well
07:37 Tree of Eternity
09:30 Ancient of Wind
10:43 Chimaera Roost
10:46 Chimaera Roost
10:48 Chimaera Roost
11:25 Moon Well
13:47 Moon Well
16:53 Moon Well
30:39 Ancient of Wind
30:45 Ancient of Wind
43:39 Tree of Life
» items
Chat log
(00:10 / Allies) OmgWtfStfu: sup
(00:15 / Allies) Zuther: wanna rush?
(00:17 / Allies) OmgWtfStfu: rifle gryph
(00:29 / Allies) HumanKingTomVIP: what a dogfucker
(00:29 / Allies) HumanKingTomVIP: who has dialup in 2011
(00:32 / Allies) OmgWtfStfu: you are lagging purp
(00:39 / Allies) Zuther: its this wifi connection...
(00:41 / All) HumanKingTomVIP: what does dialup cost nowdays, like 50 cents a month?
(00:46 / Allies) HumanKingTomVIP: get rid of it
(00:47 / Allies) HumanKingTomVIP: get dialup
(00:48 / Allies) HumanKingTomVIP: its faster
(01:50 / Allies) Zuther: units?
(01:54 / Allies) Galax.xy: melle
(02:00 / Allies) OmgWtfStfu: rifle gryph
(02:11 / Allies) Zuther: archers to chims
(03:47 / Allies) HumanKingTomVIP: day late a nd a buck short noobelf
(03:51 / Allies) HumanKingTomVIP: get the fuck out of my way im buidling here
(03:58 / Allies) Zuther: haha suck my dick man
(04:02 / Allies) Galax.xy: ...
(04:08 / Allies) Zuther: go ahead
(04:11 / Allies) Zuther: my b
(04:16 / Allies) Zuther: i was gonna help you
(04:27 / Allies) HumanKingTomVIP: get an expo
(07:10 / Allies) OmgWtfStfu: im back
(07:22 / Allies) Zuther: they rushin?
(07:47 / Allies) OmgWtfStfu: come
(07:56 / Allies) Zuther: coming
(08:09 / Allies) Galax.xy: save
(08:11 / Allies) OmgWtfStfu: go
(09:59 / Allies) Galax.xy: out
(10:23 / Allies) HumanKingTomVIP: wood pls
(10:37 / Allies) HumanKingTomVIP: fight here
(10:39 / Allies) HumanKingTomVIP: derfend towers
(10:57 / Allies) Galax.xy: blue
(11:05 / Allies) Galax.xy: for a se
(11:07 / Allies) Galax.xy: sec
(11:30 / Allies) HumanKingTomVIP: wood pls
(12:00 / Allies) HumanKingTomVIP: creep
(12:08 / Allies) HumanKingTomVIP: dotn just afk
(12:10 / Allies) HumanKingTomVIP: and wait for hte game to end
(12:45 / Allies) HumanKingTomVIP: damn we got 2 afk
(12:59 / Allies) Zuther: shitt
(14:08 / Allies) Galax.xy: sorry
(14:09 / Allies) HumanKingTomVIP: dude if youre gonna afk
(14:11 / Allies) HumanKingTomVIP: kill your rifles
(14:12 / Allies) HumanKingTomVIP: and get tier 3
(14:20 / Allies) Galax.xy: my bad guys
(14:22 / Allies) HumanKingTomVIP: so we dont get completely reamed
(14:25 / Allies) HumanKingTomVIP: when they attack with 400 food
(14:57 / Allies) OmgWtfStfu: meet?
(15:04 / Allies) Zuther: not yet
(15:52 / Allies) OmgWtfStfu: cool
(16:06 / Allies) Galax.xy: what happened
(16:16 / Allies) HumanKingTomVIP: killed some peons with aoe
(16:31 / Allies) Galax.xy: so uh
(16:33 / Allies) Galax.xy: whats the plan
(16:39 / Allies) HumanKingTomVIP: afk by towers apparently
(16:40 / Allies) Galax.xy: holy shit teal
(16:42 / Allies) HumanKingTomVIP: ive never hit and run a base before
(16:44 / Allies) HumanKingTomVIP: dong know what it is
(17:22 / Allies) Zuther: where we meetin?
(17:27 / Allies) Galax.xy: guys
(17:30 / Allies) HumanKingTomVIP: just go kill a main
(17:31 / Allies) Galax.xy: u all have 3k gold
(17:32 / Allies) HumanKingTomVIP: and tp out when they tp in
(17:40 / Allies) Zuther: k
(17:41 / Allies) Galax.xy: share the wealth
(17:42 / Allies) Galax.xy: lol
(17:50 / Allies) Galax.xy: awesome
(17:56 / Allies) OmgWtfStfu: meet?
(18:00 / Allies) OmgWtfStfu: wait purp
(18:07 / Allies) Zuther: k
(18:09 / Allies) OmgWtfStfu: come oj
(18:17 / Allies) HumanKingTomVIP: they are gonna hit
(18:19 / Allies) HumanKingTomVIP: with massive cloud
(18:44 / Allies) Galax.xy: upgrade those chims lol
(18:50 / Allies) Zuther: i amm
(18:53 / Allies) Zuther: haha
(19:03 / Allies) Galax.xy: holy crap
(19:14 / Allies) Galax.xy: turn the graphics down before fight lol!
(19:24 / All) Galax.xy: this is gonna be epic
(20:46 / Allies) HumanKingTomVIP: get teh xpos
(22:37 / Allies) HumanKingTomVIP: out
(22:38 / Allies) HumanKingTomVIP: out
(22:38 / Allies) HumanKingTomVIP: tp
(23:07 / Allies) HumanKingTomVIP: defend the towers if htey hit them
(23:13 / Allies) HumanKingTomVIP: it will be an easy win if we fight on top of towers
(23:14 / Allies) Zuther: k
(23:33 / Allies) HumanKingTomVIP: copme all
(23:34 / Allies) HumanKingTomVIP: fast
(23:35 / Allies) HumanKingTomVIP: tp down there
(23:45 / Allies) OmgWtfStfu: come
(24:23 / Allies) Galax.xy: what should i get
(24:28 / Allies) Galax.xy: aboms still?
(24:37 / Allies) HumanKingTomVIP: id get something that can hit air
(24:38 / Allies) Zuther: we need aa
(24:55 / Allies) OmgWtfStfu: come
(25:05 / Allies) Galax.xy: ill mass web
(25:26 / All) HumanKingTomVIP: rage quit soon
(25:35 / All) constructive: sure wish they would listen to me
(25:47 / All) HumanKingTomVIP: the y came from behind!
(26:02 / Allies) HumanKingTomVIP: b
(26:03 / Allies) HumanKingTomVIP: b
(26:22 / Allies) Galax.xy: back blue
(26:23 / Allies) HumanKingTomVIP: hit up top
(26:24 / Allies) HumanKingTomVIP: with chims
(26:29 / Allies) Zuther: k
(26:30 / Allies) Galax.xy: back to towers
(26:56 / Allies) Galax.xy: TEAL
(26:57 / Allies) Galax.xy: GOLD ME!
(27:04 / Allies) HumanKingTomVIP: are u under 50 food?
(27:11 / Allies) Galax.xy: i only have 1 mine
(27:47 / Allies) Galax.xy: hit there expos
(28:00 / Allies) OmgWtfStfu: meet!!!
(28:00 / Allies) HumanKingTomVIP: its all clear
(28:01 / Allies) HumanKingTomVIP: down there
(28:06 / Allies) OmgWtfStfu: hit together
(28:26 / Allies) OmgWtfStfu: omg tp out purp
(29:15 / Allies) HumanKingTomVIP: stay deep
(29:16 / Allies) HumanKingTomVIP: in the towers
(29:25 / Allies) HumanKingTomVIP: make them suicide
(30:43 / Allies) Galax.xy: go up top
(30:46 / Allies) Galax.xy: they are hitting low
(31:09 / Allies) Galax.xy: clear those mines
(31:13 / Allies) Galax.xy: with chims
(31:14 / Allies) Zuther: k
(31:15 / Allies) Galax.xy: or air
(31:19 / Allies) Galax.xy: i need gold mines
(32:28 / Allies) Galax.xy: gold me plz
(32:34 / Allies) HumanKingTomVIP: get under 50 food and i will
(32:40 / Allies) HumanKingTomVIP: not paying half of it to taxes
(32:49 / Allies) Galax.xy: i need ot build a mine dude
(33:01 / Allies) Galax.xy: i cant get anything else
(33:13 / Allies) Galax.xy: 400 and thats it
(33:28 / Allies) Galax.xy: thanks
(33:54 / Allies) Zuther: whoa oj
(33:59 / Allies) Zuther: im taking that
(34:05 / Allies) Galax.xy: take that one
(34:11 / Allies) Zuther: jesus...
(35:07 / Allies) Galax.xy: purple u need to get a tp for your hero
(35:36 / Allies) HumanKingTomVIP: they are hitting
(36:19 / Allies) HumanKingTomVIP: stay well back
(36:31 / Allies) Galax.xy: tanks
(37:51 / All) blntsmkr: im bored you guys can work it out without me
(37:54 / All) HumanKingTomVIP: \raped
(38:03 / Allies) Galax.xy: that was awesome
(38:22 / Allies) HumanKingTomVIP: they must be broke
(38:23 / Allies) HumanKingTomVIP: by now
(38:26 / Allies) HumanKingTomVIP: they mined at upkeep
(38:29 / Allies) HumanKingTomVIP: and their expos are dead
(38:39 / Allies) Galax.xy: are u an FFA player lol
(40:51 / Allies) HumanKingTomVIP: if u guys ever dip below 50 food let me know
(40:52 / Allies) HumanKingTomVIP: and ill gold u
(41:04 / Allies) Zuther: can i get 300-400g?
(41:07 / Allies) Zuther: ill pay back
(41:10 / Allies) HumanKingTomVIP: are you below 50 food?
(41:21 / Allies) Zuther: naa i just need to build another hall for gold
(41:23 / Allies) HumanKingTomVIP: if i gave you gold now u would be throwing 30% of it away
(41:26 / Allies) HumanKingTomVIP: just to be at 52 food
(41:29 / Allies) HumanKingTomVIP: so uc an have way too many ghouls
(41:32 / Allies) HumanKingTomVIP: harvesting wood u dont need
(42:09 / Allies) Zuther: raped
(42:34 / Allies) Zuther: gold please?
(42:39 / Allies) HumanKingTomVIP: uise that chimera
(42:51 / Allies) HumanKingTomVIP: im broke now
(42:53 / Allies) OmgWtfStfu: give me money i am 46
(43:06 / Allies) HumanKingTomVIP: i dont have an infinite bag of gold
(43:08 / Allies) HumanKingTomVIP: their human does
(43:11 / Allies) HumanKingTomVIP: he has liek 4 expos now
(44:09 / Allies) HumanKingTomVIP: rifles
(44:09 / Allies) HumanKingTomVIP: rofl
(44:11 / Allies) HumanKingTomVIP: what a turd
(44:19 / Allies) Galax.xy: who has him
(44:21 / Allies) HumanKingTomVIP: me
(44:26 / Allies) Galax.xy: alright
(44:55 / Allies) Galax.xy: there heros are so high
(45:57 / Allies) HumanKingTomVIP: holy shit
(46:00 / Allies) Galax.xy: ?
(46:06 / Allies) HumanKingTomVIP: o well
(46:08 / Allies) Galax.xy: who
(46:13 / Allies) HumanKingTomVIP: zuther
(46:17 / Allies) HumanKingTomVIP: bring your crap
(46:19 / Allies) HumanKingTomVIP: lets end this
(46:20 / Allies) Zuther: want it back?
(46:25 / Allies) HumanKingTomVIP: we cant afk and watch them mine 60000 gold
(46:31 / Allies) HumanKingTomVIP: give it to the leaver
(46:33 / Allies) HumanKingTomVIP: so i can get air with thim
(46:46 / Allies) HumanKingTomVIP: where are you fuckers
(46:51 / Allies) Galax.xy: here
(47:07 / Allies) HumanKingTomVIP: go
(47:08 / Allies) HumanKingTomVIP: end it
(47:57 / Allies) HumanKingTomVIP: stay close
(47:59 / Allies) HumanKingTomVIP: elf are you afk?
(48:04 / Allies) HumanKingTomVIP: shar econtrol if ur going fk
(48:54 / Allies) HumanKingTomVIP: stay with us
(49:18 / Allies) HumanKingTomVIP: jesus golding that elf
(49:19 / Allies) HumanKingTomVIP: sunk us
(49:21 / Allies) HumanKingTomVIP: we are doomed now
(49:25 / Allies) HumanKingTomVIP: WHAT ARE YOU DOING
(49:27 / Allies) HumanKingTomVIP: STAY WITH US
(49:31 / Allies) HumanKingTomVIP: DOPNT RIGHT CLICK AND LET HIM RAPE UR AMRY
(50:17 / Allies) HumanKingTomVIP: hes not even using
(50:19 / Allies) HumanKingTomVIP: hsi fuckign units
(50:20 / Allies) Galax.xy: omg
(50:21 / Allies) HumanKingTomVIP: NIGHT ELF LEAVE THE GAME
(50:22 / Allies) HumanKingTomVIP: PLEASE
(52:36 / Allies) Galax.xy: mk no tp
(52:56 / Allies) Galax.xy: :-)
(53:01 / Allies) HumanKingTomVIP: kill these fukign wells
(53:42 / Allies) HumanKingTomVIP: we have to kill the expos asap
(53:45 / Allies) HumanKingTomVIP: that one
(53:50 / Allies) Galax.xy: k
(54:57 / Allies) HumanKingTomVIP: we are so fucked
(55:02 / Allies) Galax.xy: ?
(55:10 / Allies) HumanKingTomVIP: what u think theyre gonna mine 40k gold
(55:12 / Allies) HumanKingTomVIP: and not have anything?
(55:23 / Allies) HumanKingTomVIP: lets go
(55:24 / Allies) HumanKingTomVIP: we need to end it
(55:27 / Allies) HumanKingTomVIP: dont let ur hero die
(55:28 / Allies) Galax.xy: were the hell did that come from
(55:38 / Allies) Galax.xy: let me know if we need out
(55:49 / Allies) HumanKingTomVIP: just make sure to web
(55:51 / Allies) HumanKingTomVIP: and keep fiends alive
(55:55 / Allies) Galax.xy: k
(55:55 / Allies) HumanKingTomVIP: hopefully starfall can do soem damage
(56:07 / Allies) Zuther: yrp
(56:09 / Allies) Zuther: ye[
(56:10 / Allies) HumanKingTomVIP: holy shit u have 2700 gold
(56:20 / Allies) Galax.xy: need some?
(56:22 / Allies) HumanKingTomVIP: yes
(58:00 / Allies) Galax.xy: intense
(58:10 / All) HumanKingTomVIP: the elf has had like 4 chims afk in random places
(58:11 / All) HumanKingTomVIP: all game
(59:16 / Allies) HumanKingTomVIP: hes bringin back level 1- panda
(59:17 / Allies) HumanKingTomVIP: 10
(59:27 / Allies) HumanKingTomVIP: get the altar
(59:32 / Allies) Galax.xy: am
(59:50 / Allies) Galax.xy: hit that with chim
(59:57 / Allies) Zuther: k